 Dungeon Crawl Stone Soup version 0.28-a0-381-g937acc2988 (webtiles) character file.

Game seed: 14321253648452826946

1484 Dittersdorf the Skirmisher (level 8, 0/53 HPs)
             Began as a Gargoyle Fighter on Sept 1, 2021.
             Was an Initiate of Okawaru.
             Slain by a wight (7 damage)
             ... on level 7 of the Dungeon.
             The game lasted 00:10:57 (7675 turns).

Dittersdorf the Skirmisher (Gargoyle Fighter)       Turns: 7675, Time: 00:10:57

Health: 0/53       AC: 22    Str: 21    XL:     8   Next: 79%
Magic:  8/8        EV:  8    Int: 10    God:    Okawaru [......]
Gold:   280        SH:  4    Dex:  9    Spells: 7/7 levels left

rFire   . . .      SeeInvis .   a - +1 flail
rCold   + . .      Faith    .   c - +0 buckler
rNeg    + . .      Spirit   .   s - +0 chain mail
rPois   ∞          Reflect  .   u - +1 hat
rElec   +          Harm     .   (no cloak)
rCorr   +          Rampage  ∞   z - +0 pair of gloves
Will    .....                   j - +3 pair of seven-league boots {Rampage+∞}
Stlth   ..........              (no amulet)
HPRegen 0.17/turn               o - ring of protection from cold
MPRegen 0.11/turn               p - ring of resist corrosion

@: no status effects
A: sickness immunity, AC +5, negative energy resistance 1, electricity
resistance, torment resistance 1, petrification resistance
a: Renounce Religion


You were on level 7 of the Dungeon.
You worshipped Okawaru.
Okawaru was noncommittal.
You visited 2 branches of the dungeon, and saw 8 of its levels.

You collected 280 gold pieces.

Inventory:

Hand Weapons
 a - a +1 flail (weapon)
Missiles
 i - 41 poisoned darts (quivered)
Armour
 c - a +0 buckler (worn)
 j - the +3 pair of seven-league boots (worn) {Rampage+∞}
   (You acquired it on level 7 of the Dungeon)

   Its wearer moves as far as possible in that direction when moving towards
   enemies.
 r - a +1 plate armour
 s - a +0 chain mail (worn)
 u - a +1 hat (worn)
 z - a +0 pair of gloves (worn)
Jewellery
 l - a ring of poison resistance
 o - a ring of protection from cold (left hand)
 p - a ring of resist corrosion (right hand)
Wands
 y - a wand of acid (7)
Scrolls
 b - 2 scrolls of immolation
 f - a scroll of fog
 g - 2 scrolls of enchant armour
 m - a scroll of blinking
 w - a scroll of teleportation
 x - 2 scrolls of identify
Potions
 d - a potion of might
 e - a potion of curing
 h - a potion of ambrosia
 n - a potion of brilliance
 q - a potion of flight
 t - a potion of heal wounds
 v - a potion of haste


   Skills:
 + Level 7.4 Fighting
 + Level 6.2 Maces & Flails
 + Level 7.3 Armour
 - Level 4.0 Shields


You had 7 spell levels left.
You didn't know any spells.
Your spell library contained the following spells:

 Spells                   Type           Power      Damage    Failure   Level
 Conjure Flame            Conj/Fire      0%         6-21      100%        3
 Ignite Poison            Fire/Tmut/Pois 0%         N/A       100%        3
 Sticky Flame             Conj/Fire      0%         2d3       100%        4


Dungeon Overview and Level Annotations

Branches:
Dungeon (7/15)             Temple (1/1) D:6

Altars:
Ashenzari
Cheibriados
Dithmenos
Elyvilon
Fedhas
Hepliaklqana
Makhleb
Nemelex Xobeh
Okawaru
Qazlal
Ru
Sif Muna
Trog
Uskayaw
Vehumet
Wu Jian
Xom
Yredelemnul
The Shining One

Shops:
D:5 :(*?[   D:6 *

Annotations:
D:5 Prince Ribbit
D:6 2 runed translucent doors, Dazliare's ghost, amateur DjTm


Innate Abilities, Weirdness & Mutations

You are immune to sickness and miasma.
Your stone body is resilient. (AC +5)
You are immune to poison.
You resist negative energy. (rN+)
You are resistant to electric shocks. (rElec)
You are resistant to unholy torment.
You are immune to petrification.


Message History

You closely miss the wight.
The wight is severely damaged.
You block the wight's attack.
You hit the wight but do no damage.
The wight is severely damaged.
The wight barely misses you.
You hit the wight.
You destroy the wight!
Okawaru accepts your kill.
You hit the wight.
The wight is lightly damaged.
The wight hits you with a +4 long sword.
* * * LOW HITPOINT WARNING * * *
You hit the wight but do no damage.
The wight is lightly damaged.
The wight hits you with a +4 long sword.
* * * LOW HITPOINT WARNING * * *
You hit the wight.
The wight is moderately damaged.
The wight hits you but does no damage.
You are confused.
You feel invigorated. The wight barely misses you.
You bump into the rock wall.
The wight hits you but does no damage.
You bump into the rock wall.
You feel less invigorated.
You feel less confused.
The wight hits you with a +4 long sword!
* * * LOW HITPOINT WARNING * * *
You closely miss the wight.
The wight is moderately damaged.
The wight hits you but does no damage.
You closely miss the wight.
The wight is moderately damaged.
You block the wight's attack. The wight hits you but does no damage.
You closely miss the wight.
The wight is moderately damaged.
The wight hits you but does no damage.
You barely miss the wight.
The wight is moderately damaged.
The wight hits you with a +4 long sword!
You die...

#.#
#.#....###.....#
#z#####.####.#
....z ........#
# ##!..
#.......# ...#
#.####.## #..# #
#.# #.#
##z.#####... #.#
#.#
##.#.........
#.. #.#
#z###....#.. #.#
#.# ##@#.###.##
#.# #.#
#######..##....
............# ##
#######..####
######..######
....
#...........>#
####
#.####..####<#
####..# #.#
#.....# #.#


You could see a wight.

Vanquished Creatures
  A water moccasin (D:5)
  A sky beast (D:5)
  A black bear (D:5)
  A hornet zombie (D:7)
  An ogre (D:6)
  A necrophage (D:5)
  A centaur (D:6)
  A kobold brigand (D:6)
  Blork the orc (D:5)
  A scorpion (D:4)
  A wyvern skeleton (D:6)
  4 wights
  A centaur zombie (D:6)
  2 jellies
  3 hounds (D:5)
  2 orc priests
  2 iguanas
  A killer bee zombie (D:6)
  3 adders
  2 shadow imps (D:6)
  A white imp (D:6)
  2 adder skeletons (D:4)
  2 dart slugs
  15 orcs
  5 endoplasms
  A giant cockroach (D:3)
  7 goblins
  3 hobgoblins
  4 jackals (D:5)
  9 kobolds
  2 quokkas
  7 ball pythons
  8 bats
  4 frilled lizards
  5 rats
106 creatures vanquished.

Notes
Turn   | Place    | Note
-------+----------+-------------------------------------------
     0 | D:1      | Dittersdorf the Gargoyle Fighter began the quest for the
                  | Orb.
     0 | D:1      | Reached XP level 1. HP: 14/14 MP: 1/1
   380 | D:1      | Reached XP level 2. HP: 19/19 MP: 2/2
  1534 | D:2      | Reached XP level 3. HP: 23/23 MP: 3/3
  1617 | D:2      | Found a shimmering altar of Xom.
  2535 | D:3      | Reached XP level 4. HP: 22/29 MP: 4/4
  2604 | D:3      | Found a faded altar of an unknown god.
  3116 | D:3      | Found a shimmering blue altar of Sif Muna.
  3422 | D:3      | Reached XP level 5. HP: 21/33 MP: 5/5
  4116 | D:4      | Reached XP level 6. HP: 32/40 MP: 6/6
  4368 | D:4      | Reached skill level 5 in Fighting
  4690 | D:4      | Found a shimmering altar of Xom.
  4842 | D:5      | Entered Level 5 of the Dungeon
  4884 | D:5      | Found Ysishrexo's Antique Armour Shoppe.
  4899 | D:5      | Found an ornate altar of the Wu Jian Council.
  4932 | D:5      | Noticed a sky beast
  4942 | D:5      | Killed a sky beast
  4943 | D:5      | Reached skill level 5 in Armour
  5017 | D:5      | Noticed Prince Ribbit
  5112 | D:5      | Found a blossoming altar of Fedhas.
  5216 | D:5      | Reached XP level 7. HP: 44/44 MP: 7/7
  5452 | D:5      | Found Zinaurh Pang's Assorted Antiques.
  5566 | D:5      | Found Suurahau's Magic Scroll Boutique.
  5818 | D:5      | Found Iderhuz's Antique Weapon Shoppe.
  5868 | D:5      | Found a stormy altar of Qazlal.
  5994 | D:5      | Found Awu Kudgh's Book Boutique.
  6163 | D:5      | Noticed Blork the orc
  6176 | D:5      | Killed Blork the orc
  6535 | D:5      | Reached skill level 5 in Maces & Flails
  6549 | D:5      | Reached XP level 8. HP: 52/52 MP: 8/8
  6725 | D:6      | Found a staircase to the Ecumenical Temple.
  6726 | D:6      | Found a large runed translucent door.
  6727 | D:6      | Found a large runed translucent door.
  6734 | Temple   | Entered the Ecumenical Temple
  6805 | Temple   | Became a worshipper of Warmaster Okawaru
  7267 | D:6      | Found Ahunaode's Neck Hole.
  7337 | D:6      | Noticed Dazliare's ghost (amateur DjTm)
  7388 | D:7      | Identified a scroll of acquirement
  7388 | D:7      | Acquired the +3 pair of seven-league boots {Rampage+∞}
  7388 | D:7      | Found the +3 pair of seven-league boots {Rampage+∞}
  7464 | D:7      | HP: 2/53 [wight (6)]
  7521 | Temple   | HP: 2/53 [wight (6)]
  7667 | D:7      | HP: 2/53 [wight (6)]
  7675 | D:7      | Slain by a wight

Illustrated notes

Levels and vault maps discovered:
D:1:      shiori_arrival_elements, layout_basic
D:2:      layout_basic, basic_altar, kennysheep_cluttered_room
D:3:      layout_loops_cross, mainiacjoe_overflow_concentric_impassable,
          chequers_ecumenical_altar_island, dk_noncrumbling_3,
          nrook_mini_vaults, chequers_serial_rivers_micro_d
D:4:      layout_layer_cave, kennysheep_mini_moat
D:5:      layout_basic, mainiacjoe_overflow_brackets, lemuel_doored_altar,
          kennysheep_mini, serial_shops, shop, nicolae_inconvenience_store,
          nicolae_stop_n_shop_1, shop_statue, nicolae_shop_trees,
          uniq_blork_the_orc, uniq_prince_ribbit1
D:6:      layout_cave_pools, minmay_temple_entry_overgrown,
          ebering_ghost_disaster_area, nicolae_shop_sticking_my_neck_out
D:7:      layout_loops_ring, nicolae_gozag_cash_rules_everything_around_me,
          nicolae_ossuary_entry_giza, serial_shops, nicolae_shop_behind_doors
Temple:   jpeg_temple_clearing

Skill      XL: |  1  2  3  4  5  6  7  8 |
---------------+-------------------------+-----
Fighting       | 4 5 6 7 |  7.4
Armour         | 4 5 6 7 |  7.3
Maces & Flails | 3 4 5 6 |  6.2
Shields        | 4 |  4.0

Action                   |  1- 3 |  4- 6 |  7- 9 || total
-------------------------+-------+-------+-------++-------
Melee: Flail             |   137 |   142 |   185 ||   464
Throw: Dart              |       |    19 |    13 ||    32
  Use: Scroll            |       |    12 |     6 ||    18
       Potion            |       |       |     2 ||     2
Armor: Scale mail        |    91 |    52 |       ||   143
       Chain mail        |       |    14 |   140 ||   154
Dodge: Dodged            |    71 |    70 |    82 ||   223
Block: Buckler           |    33 |    42 |    41 ||   116

Table legend: (Time is in decaauts)
 A = Elapsed time spent in this place.
 B = Non-inter-level travel time spent in this place.
 C = Inter-level travel time spent in this place.
 D = Time resting spent in this place.
 E = Time spent auto-exploring this place.
 F = Levels seen in this place.
 G = Mean time per level.
                   A        B        C        D        E       F      G
               +--------+--------+--------+--------+--------+-----+--------+
         Total |   7793 |   7485 |    308 |   1312 |   4612 |   8 |  974.1 |
       Dungeon |   7682 |   7389 |    293 |   1312 |   4557 |   7 | 1097.4 |
        Temple |    111 |     96 |     15 |      0 |     55 |   1 |  111.0 |
               +--------+--------+--------+--------+--------+-----+--------+

Top non-repeatable levels by time:
     D:5: 1711 daAuts
     D:1: 1554 daAuts
     D:3: 1272 daAuts
     D:4: 1086 daAuts
     D:2: 1023 daAuts
     D:6: 833 daAuts
     D:7: 201 daAuts
  Temple: 111 daAuts
